 Dungeon Crawl Stone Soup version 0.20.1-1-g8b1a95d (webtiles) character file.

3386 equalderp2856 the Cleaver (level 9, -13/68 HPs)
             Began as a Mummy Fighter on Oct 23, 2017.
             Mangled by a two-headed ogre
             ... wielding a +0 giant club
              (14 damage)
             ... on level 7 of the Dungeon.
             The game lasted 00:17:52 (9405 turns).

equalderp2856 the Cleaver (Mummy Fighter)           Turns: 9405, Time: 00:17:53

Health: -13/68     AC: 14    Str: 19    XL:     9   Next: 74%
Magic:  0/16       EV:  4    Int: 10    God:
Gold:   382        SH: 10    Dex: 15    Spells: 18/18 levels left

rFire    . . .     SeeInvis .   a - +0 war axe
rCold    + . .     Gourm    .   c - +0 shield
rNeg     + + +     Faith    .   m - +0 plate armour
rPois    ∞         Spirit   +   (no helmet)
rElec    .         Reflect  .   y - scarf {Spirit}
rCorr    .         Harm     .   i - +0 pair of gloves
MR       +....                  v - +0 pair of boots
Stlth    ..........             B - amulet of rage
Regen    0.3/turn               f - ring of protection from fire
MPRegen  0.2/turn               n - +3 ring of dexterity

@: about to teleport
A: no food or potions, fire vulnerability, cold resistance 1, negative energy
resistance 3, torment resistance, unbreathing
a: no special abilities


You were on level 7 of the Dungeon.
You were not hungry.

You visited 2 branches of the dungeon, and saw 9 of its levels.

You collected 382 gold pieces.

Inventory:

Hand Weapons
 a - a +0 war axe (weapon)
Armour
 b - a +0 scale mail
 c - a +0 shield (worn)
 i - a +0 pair of gloves (worn)
 j - a +1 pair of boots
 k - a scarf of repulsion
 m - a +0 plate armour (worn)
 r - a scarf of resistance
 v - a +0 pair of boots (worn)
 y - a scarf of spirit shield (worn)
 D - a +0 plate armour of positive energy
Jewellery
 f - a ring of protection from fire (left hand)
 h - an uncursed ring of stealth
 n - a +3 ring of dexterity (right hand)
 t - an uncursed ring of teleportation
 B - an amulet of rage (around neck)
Wands
 s - a wand of confusion (10/48)
 A - a wand of lightning (5/15)
 C - a wand of scattershot (6/9)
Scrolls
 d - 2 scrolls of fog {unknown}
 e - a scroll of identify
 g - 7 scrolls of remove curse
 l - 3 scrolls of enchant armour
 o - 3 scrolls of amnesia
 p - 2 scrolls of fear {unknown}
 q - a scroll of random uselessness {unknown}
 u - 2 scrolls of noise {unknown}
 x - a scroll of immolation {unknown}
Books
 z - a book of Changes

   Spells                             Type                      Level
   a - Beastly Appendage              Transmutation                1
   b - Sticks to Snakes               Transmutation                2
   c - Spider Form                    Transmutation/Poison         3
   d - Ice Form                       Ice/Transmutation            4
   e - Blade Hands                    Transmutation                5


   Skills:
 + Level 5.2 Fighting
 * Level 8.0 Axes
 + Level 5.1 Armour
 + Level 1.2 Dodging
 + Level 1.0 Stealth
 + Level 5.2 Shields
 * Level 5.2 Spellcasting
 + Level 0.2 Evocations


You had 18 spell levels left.
You didn't know any spells.

Dungeon Overview and Level Annotations

Branches:
Dungeon (8/15)             Temple (1/1) D:5
   Lair: D:8-11

Altars:
Cheibriados
Dithmenos
Elyvilon
Fedhas
Gozag
Hepliaklqana
Kikubaaqudgha
Makhleb
Nemelex Xobeh
Okawaru
Qazlal
Ru
Sif Muna
Trog
Uskayaw
Vehumet
Xom
Yredelemnul
Zin
The Shining One

Annotations:
D:7 Edmund


Innate Abilities, Weirdness & Mutations

You do not eat or drink.
Your flesh is vulnerable to fire.
You are immune to poison.
Your flesh is cold resistant. (rC+)
You are immune to negative energy. (rN+++)
You are immune to unholy pain and torment.
You can survive without breathing.


Message History

The killer bee stings you.
* * * LOW HITPOINT WARNING * * *
Unknown command.
You hit the killer bee.
The killer bee is moderately wounded.
You miss the killer bee. You hit the two-headed ogre.
The killer bee stings you but does no damage.
You block the killer bee's attack. x2; The killer bee barely misses you.
You block the killer bee's attack. The killer bee barely misses you.
The killer bee stings you but does no damage.
Your plate armour prevents you from hitting the killer bee.
The killer bee is moderately wounded.
You miss the killer bee. You hit the two-headed ogre.
You block the killer bee's attack. The killer bee stings you.
* * * LOW HITPOINT WARNING * * *
The killer bee stings you.
* * * LOW HITPOINT WARNING * * *
The two-headed ogre barely misses you.
The two-headed ogre hits you with a giant club!
You die...

#....# #...'..(.
#....####O###....
#.......<.####'#'
##...#.....#.#.#.
#...#.###.#.#.#.
###...@.....#...#.
#y......#########.
#O##........[.....
###@###.############
#.yy# #.............
#.##################
#..............# #
##############.# #
#.# # #.#####
#...... #######


You could see a two-headed ogre and 3 killer bees.

Vanquished Creatures
  A hippogriff (D:7)
  Sigmund (D:3)
  The ghost of Monsterracer the Ruffian, an amateur BaTm (D:3)
  Menkaure (D:5)
  An orc warrior (D:6)
  3 ice beasts
  A phantom (D:5)
  3 ogres
  3 centaurs
  2 big kobolds (D:7)
  4 bullfrogs
  2 scorpions
  6 killer bees
  5 wights (D:6)
  4 howler monkeys
  A bullfrog skeleton (D:5)
  A bullfrog zombie (D:8)
  3 hounds
  A jelly (D:8)
  2 orc priests
  3 orc wizards
  2 iguanas
  6 worker ants
  A hound zombie (D:5)
  2 hound skeletons
  A howler monkey skeleton (D:6)
  3 gnolls
  6 adders
  2 oozes (D:3)
  An adder zombie (D:8)
  3 worms
  A dart slug (D:2)
  3 leopard geckos
  14 orcs
  6 bats
  2 giant cockroaches
  9 goblins
  12 hobgoblins
  9 jackals
  25 kobolds
  4 quokkas
  3 frilled lizards
  A jackal zombie (D:8)
  3 rats
168 creatures vanquished.

Notes
Turn   | Place    | Note
-------+----------+-------------------------------------------
     0 | D:1      | equalderp2856 the Mummy Fighter began the quest for the Orb.
     0 | D:1      | Reached XP level 1. HP: 18/18 MP: 1/1
    47 | D:1      | Reached XP level 2. HP: 24/24 MP: 2/2
   278 | D:1      | Reached skill level 2 in Axes
   383 | D:1      | Reached XP level 3. HP: 29/29 MP: 3/3
  1332 | D:3      | Noticed Sigmund
  1470 | D:3      | Noticed Monsterracer's ghost (amateur BaTm)
  1480 | D:2      | Reached XP level 4. HP: 35/35 MP: 4/4
  1862 | D:3      | Found a radiant altar of Vehumet.
  2118 | D:3      | Killed Sigmund
  2118 | D:3      | Reached skill level 3 in Axes
  2118 | D:3      | Reached XP level 5. HP: 33/41 MP: 5/5
  2600 | D:3      | Killed Monsterracer's ghost
  2600 | D:3      | Reached skill level 4 in Axes
  2600 | D:3      | Reached XP level 6. HP: 31/48 MP: 6/6
  3506 | D:4      | Reached skill level 1 in Dodging
  4168 | D:5      | Entered Level 5 of the Dungeon
  4168 | D:5      | Found a staircase to the Ecumenical Temple.
  4184 | Temple   | Entered the Ecumenical Temple
  4379 | D:5      | Noticed an ice beast
  4390 | D:5      | Killed an ice beast
  4390 | D:5      | Reached XP level 7. HP: 38/54 MP: 7/7
  4784 | D:5      | Noticed Edmund
  5244 | D:5      | Reached skill level 1 in Spellcasting
  5612 | D:4      | Reached skill level 5 in Axes
  5652 | D:5      | Noticed Menkaure
  5659 | D:5      | Killed Menkaure
  5732 | D:5      | Reached XP level 8. HP: 61/61 MP: 11/11
  6795 | D:6      | Reached skill level 6 in Axes
  7191 | D:6      | Reached skill level 1 in Stealth
  7375 | D:6      | Found a deep blue altar of Sif Muna.
  7446 | D:6      | Reached XP level 9. HP: 65/66 MP: 12/14
  7459 | D:6      | Found a snail-covered altar of Cheibriados.
  7459 | D:6      | Found a basalt altar of Yredelemnul.
  7574 | D:7      | Noticed a two-headed ogre
  7750 | D:7      | Reached skill level 7 in Axes
  8258 | D:8      | Found a bloodstained altar of Trog.
  8348 | D:7      | Reached skill level 5 in Fighting
  8493 | D:8      | Reached skill level 5 in Shields
  8496 | D:8      | Reached skill level 5 in Armour
  8715 | D:7      | Reached skill level 5 in Spellcasting
  9369 | D:8      | Reached skill level 8 in Axes
  9374 | D:8      | Noticed a queen bee
  9405 | D:7      | HP: 1/68 [killer bee (5)]
  9405 | D:7      | Mangled by a two-headed ogre

Skill      XL: |  1  2  3  4  5  6  7  8  9 |
---------------+----------------------------+-----
Axes           | 2 3 4 5 6 8 |  8.0
Shields        | 3 4 5 |  5.2
Armour         | 3 4 5 |  5.1
Fighting       | 4 5 |  5.2
Dodging        | 1 |  1.2
Spellcasting   | 2 3 5 |  5.2
Stealth        | 1 |  1.0
Evocations     | |  0.2

Action                   |  1- 3 |  4- 6 |  7- 9 || total
-------------------------+-------+-------+-------++-------
Melee: War axe           |   130 |   192 |   477 ||   799
Evoke: Wand              |       |       |     3 ||     3
  Use: Scroll            |       |     1 |     7 ||     8
 Stab: Confused          |       |       |     2 ||     2
Armor: Scale mail        |    35 |       |       ||    35
       Plate armour      |    53 |   116 |   424 ||   593
Dodge: Dodged            |    36 |    18 |   112 ||   166
       Deflected         |     2 |     1 |       ||     3
Block: Shield            |    61 |    81 |   375 ||   517
